 Dungeon Crawl Stone Soup version 0.19-a0-1254-gb9c29c0 (webtiles) character file.

282 poirepourri the Skirmisher (level 6, -6/40 HPs)
             Began as a Gargoyle Fighter on Aug 27, 2016.
             Mangled by an ogre
             ... wielding a cursed +0 giant club
              (8 damage)
             ... on level 4 of the Dungeon.
             The game lasted 00:04:13 (2943 turns).

poirepourri the Skirmisher (Gargoyle Fighter)       Turns: 2943, Time: 00:04:14

Health: -6/40      AC: 15    Str: 21    XL:     6   Next: 28%
Magic:  6/6        EV:  8    Int:  9    God:
Gold:   241        SH:  9    Dex:  9    Spells: 0 memorised, 5 levels left

rFire  . . .     SeeInvis .     a - +0 flail
rCold  . . .     Gourm    .     b - +0 scale mail
rNeg   + . .     Faith    .     c - +0 shield
rPois  ∞         Spirit   .     (no helmet)
rElec  +         Dismiss  .     t - +2 cloak
rCorr  .         Reflect  .     (no gloves)
MR     .....     Harm     .     m - +0 pair of boots
Stlth  ..........               (no amulet)
                                (no ring)
                                (no ring)

@: no status effects
A: negative energy resistance 1, electricity resistance, unbreathing,
petrification resistance, rot immunity, AC +4
a: no special abilities


You were on level 4 of the Dungeon.
You were full.

You visited 1 branch of the dungeon, and saw 4 of its levels.

You collected 241 gold pieces.

Inventory:

Hand Weapons
 a - a +0 flail (weapon)
Missiles
 s - 8 javelins (quivered)
Armour
 b - a +0 scale mail (worn)
 c - a +0 shield (worn)
 e - a +3 scale mail
 m - a +0 pair of boots (worn)
 t - a +2 cloak (worn)
Jewellery
 k - a +2 ring of strength {unknown}
 o - an uncursed amulet of regeneration {unknown}
Scrolls
 q - 2 scrolls of remove curse
Potions
 d - a potion of ambrosia {unknown}
 g - a potion of flight
 h - a potion of mutation {unknown}
 i - 2 potions of lignification
 j - 4 potions of curing
 n - a potion of heal wounds {unknown}
 p - a potion of degeneration {unknown}
Comestibles
 f - 4 bread rations


   Skills:
 + Level 4.9 Fighting
 + Level 3.9 Maces & Flails
 - Level 3.2 Armour
 + Level 2.8 Dodging
 - Level 3.2 Shields


You had 5 spell levels left.
You didn't know any spells.

Dungeon Overview and Level Annotations

Branches:
Dungeon (4/15)
 Temple: D:4-7

Altars:
Yredelemnul


Innate Abilities, Weirdness & Mutations

You are resistant to torment.
Your stone body is resilient. (AC +4)
You are immune to poison.
You resist negative energy. (rN+)
You are resistant to electric shocks. (rElec)
You can survive without breathing.
You are immune to petrification.
You are immune to rotting.


Message History

The ogre hits you with a giant club!
Your scale mail prevents you from hitting the ogre.
The ogre is heavily wounded.
The ogre completely misses you.
You sock the ogre!
The ogre is almost dead.
The ogre closely misses you.
You hit the ogre.
The ogre is almost dead.
You block the ogre's attack.
Your shield prevents you from hitting the ogre.
The ogre is almost dead.
The ogre hits you with a giant club! x2
* * * LOW HITPOINT WARNING * * *
You barely miss the ogre.
The ogre is almost dead.
You hit the ogre but do no damage.
The ogre is almost dead.
The ogre hits you with a giant club!
You die...

####### #.....# #.....#
#.....#.# ###.....#.#
#####.........#
........O...###
.......@....... ..#..
..>####.....### ....
.######........ ...
..........?..## .... .
.....##.####=.. ...# .
#......#......## ...
.#......#....#####
##.##......#.........#
##...##....#...#.###....


You could see an ogre.

Vanquished Creatures
  The ghost of Kidiri the Magician, an amateur DEFE (D:3)
  An orc wizard (D:3)
  5 adders
  A worm (D:2)
  7 dart slugs
  2 giant geckos (D:1)
  10 orcs (D:3)
  A ball python (D:2)
  10 bats
  6 giant cockroaches
  6 goblins
  9 hobgoblins
  4 jackals (D:2)
  A quokka (D:2)
  A giant gecko zombie (D:3)
  5 giant newts
  6 kobolds
  2 rats (D:3)
78 creatures vanquished.

Notes
Turn   | Place    | Note
-------+----------+-------------------------------------------
     0 | D:1      | poirepourri the Gargoyle Fighter began the quest for the Orb.
     0 | D:1      | Reached XP level 1. HP: 14/14 MP: 1/1
    83 | D:1      | Reached XP level 2. HP: 14/19 MP: 2/2
   389 | D:1      | Reached skill level 4 in Fighting
   389 | D:1      | HP: 1/20 [giant gecko (3)]
   749 | D:1      | Reached XP level 3. HP: 23/24 MP: 3/3
  1071 | D:2      | Reached skill level 1 in Dodging
  1071 | D:2      | Reached XP level 4. HP: 30/30 MP: 4/4
  1948 | D:3      | Reached XP level 5. HP: 34/34 MP: 5/5
  2353 | D:3      | Found a basalt altar of Yredelemnul.
  2550 | D:3      | Noticed Kidiri's ghost (amateur DEFE)
  2572 | D:3      | Killed Kidiri's ghost
  2572 | D:3      | Reached XP level 6. HP: 35/40 MP: 6/6
  2941 | D:4      | HP: 2/40 [ogre/giant club (13)]
  2943 | D:4      | Mangled by an ogre

Vault maps used:
D:1:      dpeg_arrival_boxes_within_box, minmay_misc_feat_pillars,
          minmay_misc_feat_tiny
D:2:      first_bread
D:3:      old_standard_altar
D:4:      kennysheep_mini_moat, minmay_misc_feat_encased, uniq_natasha

Skill      XL: |  1  2  3  4  5 |
---------------+----------------+-----
Fighting       | 4 |  4.9
Dodging        | 1 2 |  2.8
Maces & Flails | 3 |  3.9
Armour         | |  3.2
Shields        | |  3.2

Action                   |  1- 3 |  4- 6 || total
-------------------------+-------+-------++-------
Melee: Flail             |    74 |   196 ||   270
  Use: Scroll            |     3 |     5 ||     8
       Potion            |       |     1 ||     1
  Eat: Pizza             |     1 |       ||     1
       Bread ration      |       |     1 ||     1
       Meat ration       |       |     1 ||     1
Armor: Scale mail        |    45 |   120 ||   165
Dodge: Dodged            |    41 |    81 ||   122
Block: Shield            |    59 |   115 ||   174
